 Dungeon Crawl Stone Soup version 0.28-a0-1629-gf728b707aa (webtiles) character file.

Game seed: 11362889628928281650

499 Ajdolov the Conjurer (level 7, -12/55 HPs)
             Began as a Naga Fire Elementalist on Jan 24, 2022.
             Mangled by an ogre (19 damage)
             ... on level 4 of the Dungeon.
             The game lasted 00:12:51 (3771 turns).

Ajdolov the Conjurer (Naga Fire Elementalist)       Turns: 3771, Time: 00:12:51

Health: -12/55     AC:  7    Str:  5 (7)  XL:     7   Next: 16%
Magic:  1/10       EV:  9    Int: 20 (23) God:
Gold:   74         SH:  0    Dex:  8 (11) Spells: 5/10 levels left

rFire   . . .      SeeInvis +   n - +0 dagger (distort)
rCold   . . .      Faith    .   (no shield)
rNeg    . . .      Spirit   .   r - +2 robe of Pessimism {Harm Fly Regen+ Str-4}
rPois   +          Reflect  .   h - +0 helmet
rElec   .          Harm     +   (no cloak)
rCorr   .          Rampage  .   i - +0 pair of gloves
Will    .....                   (no barding)
Stlth   ++........              (no amulet)
HPRegen 0.98/turn               g - +6 ring of intelligence
MPRegen 0.12/turn               (no ring)

@: mighty, short of breath, flying, very slow
A: AC +2, large, see invisible, deformed body, poison resistance, slowness 2,
spit poison 1, naga tail 1
a: Spit Poison


You were on level 4 of the Dungeon.
You visited 1 branch of the dungeon, and saw 4 of its levels.

You collected 74 gold pieces.

Inventory:

Hand Weapons
 n - a +0 dagger of distortion (weapon)
Armour
 a - a +0 robe
 h - a +0 helmet (worn)
 i - a +0 pair of gloves (worn)
 r - the +2 robe of Pessimism (worn) {Harm Fly Regen+ Str-4}
   (You found it on level 3 of the Dungeon)

   Str:       It affects your strength (-4).
   Fly:       It grants you flight.
   Regen:     It increases your rate of health regeneration.
   Harm:      It increases damage dealt and taken.
Jewellery
 g - a +6 ring of intelligence (left hand)
Scrolls
 b - a scroll of blinking {unknown}
 c - a scroll of holy word {unknown}
 e - 4 scrolls of identify {unknown}
 f - 4 scrolls of teleportation {unknown}
 m - a scroll of silence {unknown}
 p - a scroll of amnesia {unknown}
 q - a scroll of enchant weapon {unknown}
Potions
 d - 2 potions of might
 j - 2 potions of curing {unknown}
 k - a potion of degeneration
 l - 2 potions of mutation {unknown}
 o - a potion of flight {unknown}
 s - a potion of invisibility {unknown}


   Skills:
 - Level 1.5 Dodging
 - Level 3.0 Stealth
 - Level 2.0 Spellcasting
 * Level 5.6 Conjurations
 * Level 5.5 Fire Magic


You had 5 spell levels left.
You knew the following spells:

 Your Spells              Type           Power      Damage    Failure   Level
a - Foxfire               Conj/Fire      96%        2x1d8     1%          1
b - Flame Wave            Conj/Fire      24%        2d7       16%         4

Your spell library contained the following spells:

 Spells                   Type           Power      Damage    Failure   Level
 Scorch                   Fire           48%        2d7       2%          2
 Conjure Flame            Conj/Fire      24%        6-21      4%          3
 Dazzling Flash           Conj/Hex       26%        N/A       14%         3
 Inner Flame              Hex/Fire       13%        N/A       16%         3
 Iskenderun's Mystic Bla  Conj/Tloc      13%        2d5       43%         4
 Starburst                Conj/Fire      12%        6d5       94%         6


Dungeon Overview and Level Annotations

Branches:
Dungeon (4/15)
 Temple: D:4-7

Altars:
Kikubaaqudgha
Makhleb


Innate Abilities, Weirdness & Mutations

Your serpentine skin is tough. (AC +2)
You have supernaturally acute eyesight. (SInv)
Armour fits poorly on your strangely shaped body.
Your system is resistant to poisons. (rPois)
You cover ground very slowly.
You can spit poison.
You have a snake-like lower body.


Message History

You closely miss the hound.
The hound is moderately wounded.
The hound closely misses you.
You closely miss the hound.
The hound is moderately wounded.
The hound closely misses you. The hound bites you but does no damage.
You barely miss the hound.
The hound is moderately wounded.
The hound bites you but does no damage.
You barely miss the hound.
The hound is moderately wounded.
The hound bites you. The hound bites you but does no damage.
Your magical contamination has completely faded away.
You hit the hound but do no damage.
Space warps horribly around the hound!
You kill the hound!
The ogre barely misses you.
The ogre hits you with a +0 giant spiked club!!
You see here a hound corpse.
Aiming: Spit Poison (1% risk of failure)
Press: ? - help, Shift-Dir - straight line, f - ogre
Aim: an ogre, wielding a +0 giant spiked club (81% to hit)
The splash of poison hits the ogre.
The ogre is lightly wounded.
The ogre hits you with a +0 giant spiked club.
Casting: Foxfire (safe; 1% risk of failure)
Confirm with . or Enter, or press ? or * to list all spells.
You conjure some foxfire!
The ogre hits you with a +0 giant spiked club!!
* * * LOW HITPOINT WARNING * * *
Okay, then.
Your foxfire dissipates!
An orc comes into view. It is wielding a +0 whip.
It was a potion of might.
You feel very mighty all of a sudden. The ogre closely misses you.
It was a potion of degeneration.
There was something very wrong with that liquid.
You feel weakened.
You feel dopey.
You feel clumsy.
The ogre hits you with a +0 giant spiked club!
You die...

..........# ## .
..........# .≈# .
#.##......###.#
#.#.##.........#
#.#.##.........#
#.#.##.........#
..###...)#...v..#
...†)........#O.#.#
.............@..#.###
........).....).....o
.#..#.#..#.###.##.###
......#...........#
.#..###..#####.##.#
#.. #..###......## #.
#............# .
#..###.#.....# #..#
#.####..##


You could see an ogre and an orc (asleep).

Vanquished Creatures
  A necrophage (D:3)
  An ogre (D:4)
  2 phantoms (D:4)
  A hound (D:4)
  Terence (D:2)
  2 adders (D:4)
  4 gnolls (D:4)
  3 dart slugs
  An orc (D:3)
  6 bats
  2 bat zombies (D:3)
  9 endoplasms
  9 goblins
  5 hobgoblins
  2 jackals (D:1)
  4 quokkas
  5 ball pythons
  2 frilled lizards
  7 kobolds
  4 rats
  A rat zombie (D:3)
72 creatures vanquished.

Vanquished Creatures (others)
  217 foxfires
217 creatures vanquished.

Grand Total: 289 creatures vanquished

Notes
Turn   | Place    | Note
-------+----------+-------------------------------------------
     0 | D:1      | Ajdolov the Naga Fire Elementalist began the quest for the
                  | Orb.
     0 | D:1      | Reached XP level 1. HP: 15/15 MP: 3/3
   226 | D:1      | Reached XP level 2. HP: 22/22 MP: 3/5
  1146 | D:1      | Reached XP level 3. HP: 28/28 MP: 3/6
  2157 | D:2      | Noticed Terence
  2159 | D:2      | Found a faded altar of an unknown god.
  2184 | D:2      | Killed Terence
  2185 | D:2      | Reached XP level 4. HP: 29/36 MP: 2/7
  2233 | D:2      | Learned a level 4 spell: Flame Wave
  2875 | D:3      | Identified the +2 robe of Pessimism {Harm Fly Regen+ Str-4}
  3075 | D:3      | Found a burning altar of Makhleb.
  3206 | D:3      | Found an ancient bone altar of Kikubaaqudgha.
  3411 | D:4      | Noticed a phantom
  3441 | D:4      | Killed a phantom
  3442 | D:4      | Reached XP level 5. HP: 21/42 MP: 1/8
  3525 | D:4      | Noticed a necrophage
  3596 | D:3      | Killed a necrophage
  3597 | D:3      | Reached XP level 6. HP: 46/49 MP: 0/9
  3717 | D:4      | Reached skill level 5 in Conjurations
  3717 | D:4      | Reached skill level 5 in Fire Magic
  3737 | D:4      | Reached XP level 7. HP: 53/55 MP: 1/10
  3771 | D:4      | Mangled by an ogre

Illustrated notes

Levels and vault maps discovered:
D:1:      grunt_arrival_crossed_arrows, layout_loops_corners
D:2:      layout_basic, dreamdust_ecumenical_altar_angels_and_demons,
          uniq_terence
D:3:      layout_rooms, lightli_temple_of_fire,
          lemuel_zombie_altar_kikubaaqudgha
D:4:      layout_basic, grunt_qazlal_sundering

Skill      XL: |  1  2  3  4  5  6 |
---------------+-------------------+-----
Conjurations   | 2 3 4 5 |  5.6
Fire Magic     | 4 5 |  5.5
Dodging        | |  1.5
Stealth        | |  3.0
Spellcasting   | |  2.0

Action                   |  1- 3 |  4- 6 |  7- 9 || total
-------------------------+-------+-------+-------++-------
Melee: Unarmed           |    10 |       |       ||    10
       Dagger            |     3 |    40 |     6 ||    49
 Cast: Foxfire           |    86 |    63 |     3 ||   152
 Abil: Spit Poison       |     6 |     2 |     1 ||     9
  Use: Potion            |       |       |     2 ||     2
 Stab: Sleeping          |       |     1 |       ||     1
Armor: Robe              |     4 |    18 |     4 ||    26
Dodge: Dodged            |    16 |    22 |     5 ||    43

Table legend: (Time is in decaauts)
 A = Elapsed time spent in this place.
 B = Non-inter-level travel time spent in this place.
 C = Inter-level travel time spent in this place.
 D = Time resting spent in this place.
 E = Time spent auto-exploring this place.
 F = Levels seen in this place.
 G = Mean time per level.
                   A        B        C        D        E       F      G
               +--------+--------+--------+--------+--------+-----+--------+
         Total |   4502 |   4418 |     84 |    130 |   3585 |   4 | 1125.5 |
       Dungeon |   4502 |   4418 |     84 |    130 |   3585 |   4 | 1125.5 |
               +--------+--------+--------+--------+--------+-----+--------+

Top non-repeatable levels by time:
     D:1: 2129 daAuts
     D:2: 1044 daAuts
     D:3: 1007 daAuts
     D:4: 320 daAuts
